 Dungeon Crawl Stone Soup version 0.27.1-33-g824d729ab1 (webtiles) character file.

Game seed: 9907240973686374539

131798 Sharkman1231 the Bludgeoner (level 16, -1/131 HPs)
             Began as a Demonspawn Wanderer on Dec 26, 2021.
             Was the Champion of Okawaru.
             Killed from afar by Roxanne (56 damage)
             ... with a crystal spear
             ... on level 14 of the Dungeon on Dec 31, 2021.
             The game lasted 00:53:39 (43181 turns).

Sharkman1231 the Bludgeoner (Demonspawn Wanderer)  Turns: 43181, Time: 00:53:40

Health: -1/131     AC: 31    Str: 14    XL:     16   Next: 56%
Magic:  0/22       EV: 19    Int: 17    God:    Okawaru [******]
Gold:   1557       SH: 18    Dex: 18    Spells: 15/15 levels left

rFire    + . .     SeeInvis +   b - +7 eveningstar (protect)
rCold    + . .     Faith    .   W - +2 kite shield
rNeg     + . .     Spirit   +   M - +3 ring mail {rC+}
rPois    .         Reflect  .   (helmet unavailable)
rElec    .         Harm     .   P - +0 cloak
rCorr    +         Rampage  .   z - +2 pair of gloves {Stlth+}
Will     +....                  t - +1 pair of boots
Stlth    +++.......             C - amulet of guardian spirit
HPRegen  0.31/turn              m - +4 ring of protection
MPRegen  0.18/turn              R - ring of Sazuaf {rF+ rN+ rCorr Str+3 SInv}

@: heroic, under a protective aura
A: antennae 3, rugged brown scales 2, foul stench 1, demonic magic 2
a: Renounce Religion, Heroism, Finesse


You were on level 14 of the Dungeon.
You worshipped Okawaru.
Okawaru was exalted by your worship.
You visited 3 branches of the dungeon, and saw 23 of its levels.
You also visited: Gauntlet and Ice Cave.

You collected 2822 gold pieces.
You spent 1265 gold pieces at shops.

Inventory:

Hand Weapons
 a - a +0 demon whip of flaming
 b - a +7 eveningstar of protection (weapon)
Missiles
 c - 5 datura-tipped darts
 Y - 4 curare-tipped darts (quivered)
 Z - 3 throwing nets
Armour
 e - the +0 kite shield of the Equator {rN+}
   (Okawaru gifted it to you on level 9 of the Dungeon)

   rN:        It protects you from negative energy.
 t - a +1 pair of boots (worn)
 z - a +2 pair of gloves of stealth (worn)
 M - a +3 ring mail of cold resistance (worn)
 P - a +0 cloak (worn)
 W - a +2 kite shield (worn)
Jewellery
 m - a +4 ring of protection (left hand)
 p - a +4 ring of evasion
 v - a +4 ring of protection
 x - a ring of resist corrosion
 C - an amulet of guardian spirit (around neck)
 J - a ring of ice
 R - the ring of Sazuaf (right hand) {rF+ rN+ rCorr Str+3 SInv}
   (You found it on level 10 of the Dungeon)

   [ring of protection from fire]

   Str:       It affects your strength (+3).
   rF:        It protects you from fire.
   rN:        It protects you from negative energy.
   SInv:      It lets you see invisible.
   rCorr:     It protects you from acid and corrosion.
Wands
 j - a wand of charming (20)
 A - a wand of flame (34)
 I - a wand of digging (4)
 L - a wand of iceblast (16)
 T - a wand of mindburst (39)
 X - a wand of paralysis (6)
Scrolls
 f - 3 scrolls of magic mapping
 g - 5 scrolls of immolation
 i - 5 scrolls of fear {unknown}
 l - 3 scrolls of teleportation
 n - 2 scrolls of acquirement {unknown}
 s - 2 scrolls of silence {unknown}
 G - 8 scrolls of enchant armour {unknown}
 H - a scroll of summoning
 O - 5 scrolls of blinking
 Q - 3 scrolls of vulnerability
 V - 2 scrolls of fog
Potions
 d - 2 potions of berserk rage
 h - a potion of invisibility
 k - 2 potions of mutation
 o - 9 potions of curing
 q - 5 potions of brilliance
 r - 4 potions of attraction
 u - 5 potions of flight
 w - 6 potions of haste
 B - 6 potions of ambrosia
 D - 2 potions of lignification
 F - 3 potions of magic
 K - 2 potions of might
 N - 5 potions of cancellation
 S - 5 potions of heal wounds
Miscellaneous
 E - a condenser vane
 U - a phantom mirror


   Skills:
 - Level 11.0(16.0) Fighting
 + Level 15.6(20.6) Maces & Flails
 - Level 0.7(15.5) Staves
 - Level 1.0(6.0) Throwing
 - Level 7.6(12.6) Armour
 - Level 9.3(14.3) Dodging
 - Level 15.0(20.0) Shields
 - Level 9.0 Invocations
 - Level 7.0 Evocations


You had 15 spell levels left.
You didn't know any spells.
Your spell library contained the following spells:

 Spells                   Type           Power      Damage    Failure   Level
 Apportation              Tloc           0%         N/A       36%         1
 Foxfire                  Conj/Fire      0%         2x1d4     36%         1
 Sting                    Tmut/Pois      0%         1d3       36%         1
 Summon Small Mammal      Summ           0%         N/A       36%         1
 Call Imp                 Summ           0%         N/A       52%         2
 Ensorcelled Hibernation  Hex/Ice        0%         N/A       52%         2
 Poisonous Vapours        Pois/Air       0%         N/A       52%         2
 Sublimation of Blood     Necr           0%         N/A       52%         2
 Wereblood                Tmut           0%         N/A       52%         2
 Call Canine Familiar     Summ           0%         N/A       75%         3
 Conjure Flame            Conj/Fire      0%         6-21      75%         3
 Gell's Gravitas          Tloc           0%         N/A       75%         3
 Inner Flame              Hex/Fire       0%         N/A       75%         3
 Lesser Beckoning         Tloc           0%         N/A       75%         3
 Summon Guardian Golem    Hex/Summ       0%         N/A       75%         3
 Teleport Other           Tloc           0%         N/A       75%         3
 Cause Fear               Hex            0%         N/A       98%         4
 Ice Form                 Ice/Tmut       0%         N/A       98%         4
 Olgreb's Toxic Radiance  Pois           0%         N/A       98%         4
 Petrify                  Tmut/Erth      0%         N/A       98%         4
 Summon Lightning Spire   Summ/Air       0%         N/A       98%         4
 Alistair's Intoxication  Tmut/Pois      0%         N/A       100%        5
 Blade Hands              Tmut           0%         N/A       100%        5
 Bolt of Magma            Conj/Fire/Erth 0%         4d4       100%        5
 Fireball                 Conj/Fire      0%         3d3       100%        5
 Freezing Cloud           Conj/Ice/Air   0%         6-21      100%        5
 Irradiate                Conj/Tmut      0%         3d13      100%        5
 Metabolic Englaciation   Hex/Ice        0%         N/A       100%        5
 Summon Forest            Summ/Tloc      0%         N/A       100%        5
 Summon Mana Viper        Hex/Summ       0%         N/A       100%        5
 Dispersal                Tloc           0%         N/A       100%        6
 Invisibility             Hex            0%         N/A       100%        6
 Shadow Creatures         Summ           N/A        N/A       100%        6
 Simulacrum               Ice/Necr       0%         N/A       100%        6
 Statue Form              Tmut/Erth      0%         N/A       100%        6
 Dragon Form              Tmut           0%         N/A       100%        7
 Storm Form               Tmut/Air       0%         N/A       100%        7
 Maxwell's Capacitive Co  Air            0%         ∞         100%        8
 Dragon's Call            Summ           0%         N/A       100%        9
 Polar Vortex             Ice            0%         N/A       100%        9


Dungeon Overview and Level Annotations

Branches:
Dungeon (15/15)            Temple (0/1) D:4            Lair (6/6) D:9
  Swamp (0/4) Lair:2        Snake (0/4) Lair:2        Slime (0/5) Lair:5
    Orc (2/2) D:10            Elf (0/3) Orc:2        Vaults (0/5) D:14
 Depths (0/5) D:15          IceCv (visited)         Gauntlet (visited)

Altars:
Cheibriados
Dithmenos
Elyvilon
Fedhas
Gozag
Hepliaklqana
Nemelex Xobeh
Okawaru
Ru
Uskayaw
Xom
Beogh
Jiyva

Shops:
D:1 (   D:3 :   Orc:2 *([[:

Portals:
Trove: D:14 (give +5 demon whip)

Annotations:
D:14 Opnastoc's ghost, journeyman MiBe; Roxanne


Innate Abilities, Weirdness & Mutations

You have a pair of large antennae on your head. (SInv)
You are mostly covered in rugged brown scales. (AC +2, +5% HP)
You may rarely emit foul miasma when damaged in melee.
Spells you cast may paralyse nearby enemies.


Message History

You thump Roxanne!
Roxanne is lightly damaged.
Roxanne casts a spell.
The bolt of magma hits you! You partially resist.
You puncture Roxanne!
Roxanne is moderately damaged.
You impale Roxanne!!
Roxanne is moderately damaged.
Roxanne casts a spell.
The bolt of magma hits you. You partially resist.
You hit Roxanne but do no damage.
Roxanne is moderately damaged.
You bludgeon Roxanne!!
Roxanne is heavily damaged.
You hit Roxanne but do no damage.
Roxanne is heavily damaged.
You hit Roxanne.
Roxanne is heavily damaged.
You bludgeon Roxanne!!
Roxanne is heavily damaged.
Roxanne mumbles some strange words.
The iron shot hits you!!
You hit Roxanne but do no damage.
Roxanne is heavily damaged.
You hit Roxanne but do no damage.
Roxanne is heavily damaged.
You bludgeon Roxanne!!
Roxanne is severely damaged.
Roxanne mutters, "When I said I wanted to live forever... this was not what I had in mind."
You sock Roxanne!
Roxanne is severely damaged.
You hit Roxanne.
Roxanne is severely damaged.
Roxanne casts a spell.
The bolt of magma hits you!! You partially resist.
You hit Roxanne.
Roxanne is severely damaged.
Roxanne casts a spell.
The crystal spear hits you!!!
You die...

...####..# #.#####
.........###.....##
#######...........#
##########..# #..##
#...# ##...# #..8.#
#.@..# #...## ##..#
##### #..# ##...##
#..# ##.....## #..#
#####.......####..#
................<.#
#####.............#


You could see Roxanne.

Vanquished Creatures
  Gastronok (D:8)
  Frances (D:12)
  An orc warlord (Orc:2)
  The ghost of dnasty the Thaumaturge, a journeyman DjFE of Makhleb (Lair:1)
  A minotaur (Gauntlet)
  A blizzard demon (D:14)
  A great orb of eyes (Gauntlet)
  Harold (D:7)
  13 hydras
  8 vault guards
  2 ironbound frosthearts (IceCv)
  2 boulder beetles
  An ogre mage (D:15)
  A catoblepas (D:13)
  9 two-headed ogres
  A centaur warrior (D:14)
  6 tengu warriors
  A death scarab (Gauntlet)
  11 death yaks
  5 orc high priests
  Nergalle (Lair:1)
  2 wizards (D:15)
  2 orc knights (Orc:2)
  A necromancer (D:15)
  2 deep elf pyromancers
  9 ugly things
  An oklob plant (Lair:5)
  3 orc sorcerers (Orc:2)
  4 cyclopes
  2 manticores
  16 elephants
  A naga mage (D:15)
  An ice statue (IceCv)
  3 black mambas
  Joseph (D:8)
  Maggie (D:7)
  2 torpor snails
  31 cane toads
  A yaktaur (shapeshifter) (D:15)
  A gargoyle (D:14)
  A kobold demonologist (D:13)
  6 rime drakes
  10 komodo dragons
  A minotaur zombie (Gauntlet)
  An ice devil (D:14)
  An efreet (D:12)
  9 polar bears
  A queen bee (Lair:5)
  A meliai (Lair:5)
  A jumping spider (shapeshifter) (D:15)
  10 trolls
  6 tyrant leeches
  A hornet (D:11)
  2 large abominations (Gauntlet)
  7 dream sheep
  20 blink frogs
  17 slime creatures
  A spectral lindwurm (Gauntlet)
  6 centaur simulacra (D:14)
  105 yaks
  3 vampires
  3 wyverns
  A wraith (D:12)
  5 basilisks
  6 small abominations (Gauntlet)
  2 steam dragons (D:8)
  4 wargs
  12 vampire mosquitoes
  A harpy simulacrum (D:14)
  A naga (Lair:2)
  5 swamp worms (Lair:2)
  Duvessa (D:7)
  An acid dragon (D:12)
  11 water moccasins
  A meliai simulacrum (D:15)
  21 orc warriors
  A sky beast (D:5)
  A black bear (D:6)
  8 ogres
  5 boggarts (D:14)
  8 centaurs
  42 wolves
  2 kobold brigands
  19 bullfrogs
  2 gnoll sergeants
  A scorpion (D:5)
  Dowan (D:7)
  3 wights (D:7)
  17 killer bees
  3 howler monkeys
  7 electric eels
  A bullfrog zombie (D:6)
  10 centaur zombies
  7 hounds
  3 centaur skeletons
  4 jellies
  Crazy Yiuf (D:7)
  11 orc priests
  7 iguanas
  11 orc wizards
  5 hell rats (Lair:6)
  Terence (D:2)
  A hound skeleton (D:5)
  A howler monkey zombie (D:10)
  Robin (D:2)
  7 gnolls
  3 adders
  4 howler monkey skeletons
  4 shadow imps
  3 worms
  4 dart slugs
  46 orcs
  6 bats
  11 endoplasms
  12 goblins
  11 hobgoblins
  3 jackals
  11 kobolds
  5 quokkas
  8 ball pythons
  4 frilled lizards
764 creatures vanquished.

Vanquished Creatures (collateral kills)
  2 killer bees (Lair:5)
2 creatures vanquished.

Vanquished Creatures (others)
  A cane toad (Lair:6)
  A rime drake (D:14)
  2 meliai (Lair:5)
  2 wolves
  3 killer bees (Lair:5)
  An orc (D:9)
  A bush (Lair:5)
  3 demonic plants (Gauntlet)
  69 fungi
  139 plants
222 creatures vanquished.

Grand Total: 988 creatures vanquished

Notes
Turn   | Place    | Note
-------+----------+-------------------------------------------
     0 | D:1      | Sharkman1231 the Demonspawn Wanderer began the quest for
                  | the Orb.
     0 | D:1      | Sharkman1231 set off with the following items: a +0 hand
                  | axe, a +2 scale mail, 11 poisoned darts, a +0 dagger
     0 | D:1      | Reached XP level 1. HP: 15/15 MP: 1/1
   278 | D:1      | Found Xyovug's Antique Weapon Emporium.
   307 | D:1      | Found a faded altar of an unknown god.
   685 | D:1      | Gained mutation: Spells you cast may paralyse adjacent
                  | enemies. [demonic ancestry]
   685 | D:1      | Reached XP level 2. HP: 22/22 MP: 2/2
  1419 | D:2      | Noticed Robin
  1423 | D:2      | Gained mutation: You have a pair of small antennae on your
                  | head. [demonic ancestry]
  1423 | D:2      | Reached XP level 3. HP: 29/29 MP: 3/3
  1451 | D:3      | Found a snail-covered altar of Cheibriados.
  2142 | D:3      | Found a hide-covered altar of Uskayaw.
  2295 | D:2      | Gained mutation: You have a pair of antennae on your head.
                  | [demonic ancestry]
  2295 | D:2      | Reached XP level 4. HP: 36/37 MP: 4/4
  2729 | D:2      | Noticed Terence
  2740 | D:2      | Killed Terence
  3294 | D:2      | Killed Robin
  3295 | D:2      | Reached skill level 1 in Dodging
  3487 | D:3      | Found a shimmering altar of Xom.
  3496 | D:3      | Reached XP level 5. HP: 42/42 MP: 5/5
  3559 | D:3      | Found Jech's Book Shoppe.
  3889 | D:4      | Found a staircase to the Ecumenical Temple.
  4023 | D:1      | Bought a runed morningstar for 154 gold pieces
  4146 | D:4      | Reached XP level 6. HP: 42/49 MP: 6/6
  4524 | D:4      | Reached skill level 1 in Shields
  4613 | D:5      | Entered Level 5 of the Dungeon
  5152 | D:5      | Noticed a sky beast
  5546 | D:5      | Noticed a water moccasin
  5554 | D:5      | Killed a water moccasin
  5555 | D:5      | Reached skill level 5 in Fighting
  5555 | D:5      | Gained mutation: You have a pair of large antennae on your
                  | head. (SInv) [demonic ancestry]
  5555 | D:5      | Reached XP level 7. HP: 47/56 MP: 7/7
  6103 | D:6      | Found an iron altar of Okawaru.
  6115 | D:6      | Became a worshipper of Warmaster Okawaru
  6217 | D:7      | Noticed Maggie
  6217 | D:7      | Found a sacrificial altar of Ru.
  6957 | D:6      | Gained mutation: You are partially covered in rugged brown
                  | scales. (AC +1, +3% HP) [demonic ancestry]
  6957 | D:6      | Reached XP level 8. HP: 45/65 MP: 6/8
  7026 | D:5      | Reached skill level 1 in Invocations
  7248 | D:6      | Reached * piety under Okawaru
  7671 | D:7      | Noticed Duvessa
  7861 | D:7      | Killed Duvessa
  7944 | D:7      | Noticed Dowan
  7958 | D:7      | Killed Dowan
  8074 | D:7      | Found a sparkling altar of Nemelex Xobeh.
  8126 | D:7      | Killed Maggie
  8131 | D:7      | Gained mutation: You are mostly covered in rugged brown
                  | scales. (AC +2, +5% HP) [demonic ancestry]
  8131 | D:7      | Reached XP level 9. HP: 35/72 MP: 6/11
  8516 | D:7      | Noticed Harold
  8637 | D:7      | Reached ** piety under Okawaru
  8666 | D:7      | Killed Harold
  8667 | D:7      | Reached skill level 5 in Dodging
  8938 | D:7      | Found a runed translucent door.
  8939 | D:7      | Noticed Crazy Yiuf
  8946 | D:7      | Killed Crazy Yiuf
  9326 | D:8      | Reached *** piety under Okawaru
  9327 | D:8      | Reached skill level 5 in Invocations
  9355 | D:8      | Reached XP level 10. HP: 47/82 MP: 9/13
  9435 | D:8      | Noticed Joseph
  9755 | D:8      | Found a shadowy altar of Dithmenos.
  9782 | D:8      | Reached skill level 5 in Shields
  9812 | D:8      | Reached **** piety under Okawaru
  9991 | D:8      | Killed Joseph
  9995 | D:8      | Noticed Gastronok
 10233 | D:8      | Killed Gastronok
 10233 | D:8      | Received a gift from Okawaru
 10233 | D:8      | Reached ***** piety under Okawaru
 10234 | D:8      | Reached skill level 5 in Evocations
 10370 | D:8      | Found a hazy altar of Hepliaklqana.
 10549 | D:8      | Noticed a two-headed ogre
 10559 | D:8      | Killed a two-headed ogre
 10971 | D:9      | Noticed a boulder beetle
 11763 | D:8      | Gained mutation: You may rarely emit foul miasma when
                  | damaged in melee. [demonic ancestry]
 11763 | D:8      | Reached XP level 11. HP: 73/90 MP: 13/16
 11921 | D:9      | Reached skill level 5 in Armour
 11994 | D:9      | Found an opulent altar of Gozag.
 12453 | D:9      | Identified the +0 kite shield of the Equator {rN+} (Okawaru
                  | gifted it to you on level 9 of the Dungeon)
 12453 | D:9      | Received a gift from Okawaru
 12671 | D:9      | Found a staircase to the Lair.
 13151 | D:9      | Killed a boulder beetle
 13348 | D:10     | Entered Level 10 of the Dungeon
 13382 | D:10     | Noticed a two-headed ogre
 13392 | D:10     | Killed a two-headed ogre
 13425 | D:10     | Identified the ring of Sazuaf {rF+ rN+ rCorr Str+3 SInv}
 13492 | D:10     | Found a blossoming altar of Fedhas.
 13513 | D:10     | Noticed a two-headed ogre
 13533 | D:10     | Killed a two-headed ogre
 13703 | D:10     | Found a staircase to the Orcish Mines.
 13884 | D:9      | HP: 4/91 [orc warrior (1)]
 14663 | D:11     | Found a frozen archway.
 14719 | IceCv    | Entered an ice cave
 15400 | IceCv    | Gained mutation: Spells you cast may paralyse nearby
                  | enemies. [demonic ancestry]
 15400 | IceCv    | Reached XP level 12. HP: 97/98 MP: 16/18
 15573 | IceCv    | Reached ****** piety under Okawaru
 15758 | IceCv    | Received a gift from Okawaru
 15915 | IceCv    | Noticed a death yak
 15915 | IceCv    | Noticed a death yak
 15915 | IceCv    | Noticed a death yak
 15941 | IceCv    | Killed a death yak
 15952 | IceCv    | Killed a death yak
 15967 | IceCv    | Killed a death yak
 16160 | IceCv    | Noticed a death yak
 16161 | IceCv    | Noticed a death yak
 16178 | IceCv    | Killed a death yak
 16203 | IceCv    | Killed a death yak
 16749 | IceCv    | Noticed a death yak
 16749 | IceCv    | Noticed a death yak
 16749 | IceCv    | Noticed an ironbound frostheart
 16749 | IceCv    | Noticed an ironbound frostheart
 16749 | IceCv    | Noticed a death yak
 16768 | IceCv    | Killed a death yak
 16780 | IceCv    | Killed a death yak
 16781 | IceCv    | Reached skill level 10 in Maces & Flails
 16801 | IceCv    | Killed an ironbound frostheart
 16844 | IceCv    | Killed a death yak
 16844 | IceCv    | Identified the +5 great sword "Suafaisch" {antimagic, rC+
                  | Will+ rCorr Str-2} (Okawaru gifted it to you in an ice
                  | cave)
 16844 | IceCv    | Received a gift from Okawaru
 16845 | IceCv    | Reached skill level 10 in Fighting
 16867 | IceCv    | Killed an ironbound frostheart
 17725 | D:11     | Noticed a two-headed ogre
 17734 | D:11     | Killed a two-headed ogre
 17879 | D:11     | Noticed a two-headed ogre
 17890 | D:11     | Killed a two-headed ogre
 17891 | D:11     | Reached XP level 13. HP: 106/108 MP: 17/19
 18377 | D:12     | Found a gate leading to a gauntlet.
 18393 | Gauntlet | Entered a Gauntlet
 18393 | Gauntlet | Found a transporter.
 18500 | Gauntlet | Found a transporter.
 18503 | Gauntlet | Found a transporter.
 18504 | Gauntlet | Found a transporter.
 18510 | Gauntlet | Found a runed translucent gate.
 18510 | Gauntlet | Found a runed translucent gate.
 18510 | Gauntlet | Found a runed translucent gate.
 18512 | Gauntlet | Found a transporter.
 18515 | Gauntlet | Found a transporter.
 18516 | Gauntlet | Found a transporter.
 18520 | Gauntlet | Found a runed translucent door.
 18524 | Gauntlet | Found a transporter.
 18527 | Gauntlet | Found a transporter.
 18528 | Gauntlet | Found a transporter.
 18536 | Gauntlet | Found a transporter.
 18539 | Gauntlet | Found a transporter.
 18540 | Gauntlet | Found a transporter.
 18551 | Gauntlet | Found a transporter.
 18588 | Gauntlet | Found a runed translucent door.
 18769 | Gauntlet | Identified the +0 helmet of Feasting {Drain rC+ SInv}
 18977 | Gauntlet | Received a gift from Okawaru
 19337 | Gauntlet | Noticed a minotaur
 19372 | Gauntlet | Killed a minotaur
 19376 | Gauntlet | Got the Tome of Freezing Feathers
 19718 | D:12     | Noticed Frances
 19734 | D:12     | Killed Frances
 19735 | D:12     | Reached skill level 10 in Shields
 20102 | D:12     | Received a gift from Okawaru
 22812 | D:13     | Received a gift from Okawaru
 23292 | D:14     | Received a gift from Okawaru
 23293 | D:14     | Reached XP level 14. HP: 38/115 MP: 7/20
 23578 | D:14     | Found a gate to the Vaults.
 24675 | D:14     | Noticed Opnastoc's ghost (journeyman MiBe)
 25153 | D:14     | Found a runed translucent gate.
 25153 | D:14     | Found a runed translucent gate.
 25153 | D:14     | Found a runed translucent gate.
 25187 | D:14     | Received a gift from Okawaru
 25521 | D:14     | Noticed Roxanne
 25597 | D:14     | Found a portal to a secret trove of treasure.
 25974 | D:14     | Found Wisum's Magic Scroll Shop.
 26071 | D:14     | Bought a scroll of blinking for 112 gold pieces
 26071 | D:14     | Bought a scroll of enchant weapon for 112 gold pieces
 26071 | D:14     | Bought a scroll of identify for 30 gold pieces
 26071 | D:14     | Bought a scroll of torment for 112 gold pieces
 26071 | D:14     | Bought a scroll of vulnerability for 112 gold pieces
 26071 | D:14     | Bought a scroll of fog for 30 gold pieces
 26071 | D:14     | Bought a scroll of teleportation for 45 gold pieces
 26071 | D:14     | Bought a scroll of immolation for 52 gold pieces
 27025 | D:15     | Entered Level 15 of the Dungeon
 27568 | D:15     | Received a gift from Okawaru
 29044 | D:15     | Found a staircase to the Depths.
 29062 | D:15     | Received a gift from Okawaru
 29656 | Lair:1   | Entered Level 1 of the Lair of Beasts
 29701 | Lair:1   | Reached skill level 15 in Shields
 29874 | Lair:1   | Noticed Nergalle
 29914 | Lair:1   | Killed Nergalle
 29915 | Lair:1   | Reached XP level 15. HP: 94/119 MP: 19/21
 30372 | Lair:1   | Noticed dnasty's ghost (journeyman DjFE)
 30511 | Lair:1   | Found a runed translucent gate.
 30512 | Lair:1   | Found a runed translucent gate.
 30513 | Lair:1   | Found a runed translucent gate.
 30627 | Lair:1   | Killed dnasty's ghost
 31007 | Lair:1   | Received a gift from Okawaru
 32152 | Lair:2   | Found a staircase to the Snake Pit.
 32434 | Lair:2   | Found a staircase to the Swamp.
 33845 | Lair:3   | Got Nyurgh's Tome of Transmutation and Fire
 34109 | Lair:3   | Received a gift from Okawaru
 34671 | Lair:4   | Identified the +9 rapier of Crystal {flame, rCorr MP+9
                  | Int+4}
 36203 | Lair:5   | Received a gift from Okawaru
 37200 | Lair:5   | Identified the +5 fustibalus of Callousness {venom, Stlth+}
                  | (Okawaru gifted it to you on level 5 of the Lair of Beasts)
 37200 | Lair:5   | Received a gift from Okawaru
 37333 | Lair:5   | Found a viscous altar of Jiyva.
 37333 | Lair:5   | Found a staircase to the Slime Pits.
 37891 | Lair:6   | Entered Level 6 of the Lair of Beasts
 37902 | Lair:5   | Reached XP level 16. HP: 116/131 MP: 20/22
 39339 | Lair:6   | Received a gift from Okawaru
 40061 | Lair:6   | Got Roimidy's Early Guide to Casting
 40062 | Lair:6   | Identified the +2 helmet of Untruth {rElec}
 40666 | Orc:1    | Entered Level 1 of the Orcish Mines
 40885 | Orc:2    | Entered Level 2 of the Orcish Mines
 41010 | Orc:1    | Reached skill level 15 in Maces & Flails
 41198 | Orc:2    | Paralysed by an orc sorcerer for 3 turns
 41685 | Orc:2    | Found a staircase to the Elven Halls.
 41687 | Orc:2    | Found Ydwaguzu's Antique Weapon Shop.
 41727 | Orc:2    | Found Kozia's Antique Armour Boutique.
 41893 | Orc:2    | Found Ecarriac's Book Shoppe.
 42119 | Orc:2    | Found Urelufiviuf's General Store.
 42134 | Orc:2    | Paralysed by an orc sorcerer for 5 turns
 42416 | Orc:2    | Bought a potion of curing for 36 gold pieces
 42416 | Orc:2    | Bought a throwing net for 36 gold pieces
 42642 | Orc:2    | Found Xoaxi's Antique Armour Boutique.
 42655 | Orc:2    | Bought a pair of glowing boots for 217 gold pieces
 42655 | Orc:2    | Bought a pair of glowing gloves for 217 gold pieces
 42778 | Orc:1    | You fall into a shaft and drop 1 floor!
 43181 | D:14     | Killed from afar by Roxanne

Illustrated notes

Levels and vault maps discovered:
D:1:      minmay_arrival_four_houses, layout_rooms,
          shapermc_ecumenical_altar_starsandcircs, serial_shops, shop,
          minmay_misc_feat_rugged, minivault_25, minmay_misc_feat_room,
          minmay_bisected
D:2:      layout_basic, minmay_tromino_v7, uniq_robin, uniq_terence
D:3:      layout_rooms, mainiacjoe_overflow_concentric_impassable,
          mainiacjoe_overflow_six_doors_small, amcnicky_altar_gilded,
          serial_shops, shop, serial_glass, glass_columns_a, glass_columns_b,
          minmay_misc_feat_diagonals, kennysheep_pointless_box
D:4:      layout_basic, nicolae_elyvilon_temple_path,
          minmay_temple_entry_from_below_a
D:5:      layout_loops_cross
D:6:      layout_layer_cave, mainiacjoe_overflow_brackets
D:7:      layout_rooms, nemelex_spade_bored_becter,
          mainiacjoe_overflow_tiny_flanked, serial_curves, eino_curves_04,
          eino_curves_04, uniq_maggie, uniq_duvessa, uniq_crazy_yiuf_cottage,
          uniq_harold
D:8:      layout_loops_cross, grunt_dithmenos_smoke_and_mirrors,
          mainiacjoe_overflow_boulevard, uniq_joseph, uniq_gastronok
D:9:      layout_layer_cave, mainiacjoe_overflow_24_doors, erik_lair_island,
          hangedman_abyss_or_decor_passed
D:10:     layout_roguey, fedhas_altar_1, david_orc_5, minmay_starry_boxes
D:11:     layout_rooms, portal_ice_cave_entry_pillars_2
D:12:     layout_layer_cave, gauntlet_entry_generic, uniq_frances
D:13:     layout_loops_corners
D:14:     layout_loops_ring, erik_vaults_2, nicolae_trove_entry_diagonal,
          serial_shops, nicolae_shop_stone, gammafunk_ghost_icy, uniq_roxanne
D:15:     grunt_enter_depths_magical_seal, layout_irregular_city,
          dk_noncrumbling_4, grunt_ministairs_7
Lair:1:   layout_gridlike, gammafunk_ghost_split, uniq_nergalle
Lair:2:   layout_regular_city, palyth_hydra_swamp_entry,
          guppyfry_snake_entry_island, st_stairs_12
Lair:3:   layout_small_grid, serial_bayou, serial_bayou_lagoon_a,
          serial_bayou_pond_c, serial_bayou_lagoon_b, serial_bayou_shore_b
Lair:4:   layout_regular_city, lemuel_fruit_tree
Lair:5:   layout_misc_corridors, dpeg_slime_entry_enclosed_altar, special_room
          [special_room_bee], grunt_forest_small_clearings, beast_lair_carwin_9,
          lemuel_fruit_fields
Lair:6:   minmay_lair_end_frog_pond, layout_regular_city
Orc:1:    layout_diamond_mine
Orc:2:    grunt_orc_gardens, layout_diamond_mine, grunt_orc_garden,
          grunt_orc_garden, grunt_orc_garden, grunt_orc_garden, basic_altar,
          serial_shops, shop_fountains

Skill      XL: |  1  2  3  4  5  6  7  8  9 10 11 12 13 14 15 16 |
---------------+-------------------------------------------------+-----
Fighting       | 2 3 4 5 6 7 8 10 11 | 11.0
Dodging        | 1 2 3 4 5 6 7 8 9 |  9.3
Maces & Flails | 6 7 8 9 10 12 13 15 | 15.6
Shields        | 1 3 4 5 6 8 11 15 | 15.0
Invocations    | 3 5 7 8 9 |  9.0
Evocations     | 2 4 5 6 7 |  7.0
Armour         | 2 3 4 6 7 |  7.6
Staves         | |  0.7
Throwing       | |  1.0

Action                   |  1- 3 |  4- 6 |  7- 9 | 10-12 | 13-15 | 16-18 || total
-------------------------+-------+-------+-------+-------+-------+-------++-------
Melee: Hand axe          |    92 |       |       |       |       |       ||    92
       Quarterstaff      |    36 |    78 |       |       |       |       ||   114
       Morningstar       |       |    76 |   287 |  1010 |   381 |       ||  1754
       Demon whip        |       |       |       |       |  1792 |       ||  1792
       Eveningstar       |       |       |       |       |   555 |   853 ||  1408
Throw: Dart              |     6 |       |     3 |     5 |     1 |       ||    15
       Throwing net      |       |       |       |       |     3 |       ||     3
Invok: Heroism           |       |       |     1 |    11 |    11 |     2 ||    25
Evoke: Wand              |       |       |     7 |     8 |    37 |     3 ||    55
       Phantom mirror    |       |       |       |       |     1 |       ||     1
  Use: Scroll            |     2 |     1 |     4 |     8 |    10 |     7 ||    32
       Potion            |     1 |     5 |     1 |       |     5 |       ||    12
 Stab: Invisible         |       |     1 |       |       |       |       ||     1
       Paralysed         |       |       |       |       |     8 |    14 ||    22
       Held in net/web   |       |       |       |       |     3 |       ||     3
Armor: Scale mail        |    97 |     7 |       |       |       |       ||   104
       Chain mail        |       |   118 |   146 |       |       |       ||   264
       Ring mail         |       |       |    83 |   582 |   739 |   185 ||  1589
Dodge: Dodged            |    80 |    39 |    80 |   593 |  1136 |   352 ||  2280
Block: Kite shield       |       |    30 |   163 |   591 |  1280 |   622 ||  2686
       Buckler           |       |       |       |    54 |   214 |       ||   268
